AoeStats
← Zuvela

African Clearing

510730906Analyzed
4v4 RM · 16h ago on Oct 2, 2026· 44m 33s· 8 players
Game mode
Random Map
Map size
Large (8 player)
Population
200
Speed
Normal
Resources
Standard
Victory
Conquest
Starting age
Dark Age
Ending age
Imperial Age
RankedLock teamsTeams togetherTeam positionsShared explorationLock speedFull tech treeHidden civsTurbo modeCheats
Victory
Defeat
🇯🇵 Saxons · Japan
1360
+15
🇭🇰 Italians · Hong Kong SAR China
1352
+15
🇹🇼 Varangians · Taiwan
1327
+16
🇨🇳 Huns · China
1324
+16
🇨🇳 Mongols · China
1402
-18
🇺🇸 Huns · United States
1337
-15
🇦🇺 Romans · Australia
1310
-15
🇯🇵 Varangians · Japan
1290
-14
一步杀十人
13:46 Feudal Age
12:03 Loom
17:57 Castle Age
16:49 Double-Bit Axe
16:45 Horse Collar
16:57 Fletching
24:15 Bodkin Arrow
26:19 Bow Saw
27:26 Padded Archer Armor
30:49 Wheelbarrow
35:16 Imperial Age
33:00 Scale Mail Armor
33:49 Squires
33:36 Arson
34:20 Forging
35:50 Chain Mail Armor
36:11 Iron Casting
36:07 Heavy Plow
38:34 Plate Mail Armor
39:05 Blast Furnace
42:18 Chemistry
41:38 Ballistics
41:11 Capped Ram
42:56 Bracer
43:12 Leather Archer Armor
42:41 Treadmill Crane
43:49 Conscription
44:30 Elite Genoese Crossbowman
DeeperDeeper
11:39 Loom
13:25 Feudal Age
15:20 Double-Bit Axe
17:37 Castle Age
17:33 Forging
17:24 Scale Mail Armor
18:35 Squires
22:56 Wheelbarrow
22:06 Town Watch
22:18 Arson
24:19 Gambesons
25:15 Chain Mail Armor
26:22 Horse Collar
34:57 Gold Mining
35:19 Bow Saw
39:56 Imperial Age
39:12 Iron Casting
39:59 Capped Ram
40:00 Elite Varangian Guard
41:44 Conscription
41:04 Gothikon
41:46 Siege Ram
44:28 Blast Furnace
44:43 Hand Cart
平原君
7:02 Loom
12:09 Feudal Age
13:40 Double-Bit Axe
17:32 Fletching
18:53 Wheelbarrow
24:39 Castle Age
22:51 Horse Collar
24:32 Padded Archer Armor
25:55 Bow Saw
25:45 Heavy Plow
26:01 Bodkin Arrow
26:22 Crossbowman
29:15 Ballistics
33:24 Guard Tower
34:51 Treadmill Crane
41:26 Imperial Age
39:53 Thumb Ring
40:29 Hand Cart
41:00 Town Watch
41:27 Masonry
41:29 Arbalester
42:11 Bracer
42:49 Arrowslits
44:06 Chemistry
44:13 Leather Archer Armor
43:55 Capped Ram
44:52 Squires
45:42 Architecture
白鸟ii
4:27 Loom
14:31 Feudal Age
19:48 Double-Bit Axe
25:13 Horse Collar
29:05 Castle Age
27:14 Gold Mining
28:30 Stone Mining
30:07 Bow Saw
30:40 Heavy Plow
31:47 Wheelbarrow
33:12 Hand Cart
34:39 Gold Shaft Mining
38:33 Imperial Age
36:07 Marauders
38:06 Bloodlines
37:56 Husbandry
38:04 Scale Barding Armor
38:09 Forging
38:39 Elite Tarkan
39:39 Conscription
40:40 Chain Barding Armor
40:56 Iron Casting
41:28 Two-Man Saw
Romwar
4:32 Loom
13:40 Feudal Age
18:54 Castle Age
17:31 Double-Bit Axe
21:27 Town Watch
25:31 Fletching
27:23 Padded Archer Armor
27:57 Ballistics
27:54 Bloodlines
29:15 Leather Archer Armor
29:35 Horse Collar
31:42 Wheelbarrow
31:33 Gold Mining
37:16 Imperial Age
36:16 Gold Shaft Mining
35:38 Bodkin Arrow
36:57 Hand Cart
38:51 Parthian Tactics
38:32 Thumb Ring
41:14 Heavy Cavalry Archer
44:00 Chemistry
44:24 Husbandry
阳光
9:42 Loom
11:52 Feudal Age
12:51 Double-Bit Axe
17:21 Fletching
Zuvela
10:18 Loom
12:41 Feudal Age
12:42 Man-at-Arms
13:47 Double-Bit Axe
14:29 Scale Mail Armor
20:55 Castle Age
18:46 Horse Collar
21:37 Long Swordsman
22:35 Chain Mail Armor
23:30 Squires
23:53 Forging
32:06 Wheelbarrow
42:53 Imperial Age
40:59 Pikeman
42:12 Heavy Plow
43:14 Halberdier
纸火
11:18 Loom
13:27 Feudal Age
17:51 Castle Age
16:32 Double-Bit Axe
20:20 Wheelbarrow
19:30 Town Watch
19:57 Bow Saw
19:28 Horse Collar
23:50 Heavy Plow
33:29 Gold Mining
33:30 Stone Mining
39:47 Imperial Age
37:33 Hand Cart
39:14 Forging
39:10 Scale Barding Armor
43:10 Conscription
42:20 Elite Jarl
43:27 Squires
Connection lost

Rejoining the realm…

Still unreachable

The connection could not be restored.

Session expired

The server has moved on; the page needs a fresh start.